IL
RICHMOND BRAVES @ COLUMBUS CLIPPERS
08/05/1982
 
TOP OF THE 1ST
Richmond Braves batting - Pitching for Columbus Clippers : RHP Javier Villanueva
Pitching: RHP Javier Villanueva
Batting: LHB Brent Hillenga 0-0: Ball
1-0: Ball
2-0: Ball
3-0: Base on Balls
Batting: LHB Dan Rohn 0-0: Ball
1-0: Ball
2-0: Fielders Choice at 2nd, 4-6 (Groundball, 4, EV 104.4 MPH)
Batting: LHB Chris Evans 0-0: Ball
Dan Rohn steals 2nd base
1-0: Called Strike
1-1: Ball
2-1: Foul Ball, location: 2F
2-2: Strikes out swinging
Batting: RHB Dave Stegman 0-0: Foul Ball, location: 2F
0-1: Ball
1-1: Ball
2-1: Fly out, F7 (Flyball, 7LS, EV 92.5 MPH)
Top of the 1st over - 0 runs, 0 hits, 0 errors, 1 left on base; Richmond 0 - Columbus 0
BOTTOM OF THE 1ST
Columbus Clippers batting - Pitching for Richmond Braves : RHP Fernando Amaya
Pitching: RHP Fernando Amaya
Batting: SHB Curt Wilkerson 0-0: Ball
1-0: Foul Ball, location: 2F
1-1: Bunted foul
1-2: Ball
2-2: Ball
3-2: Base on Balls
Batting: RHB Javier Leyva 0-0: Ball
1-0: Ball
2-0: Swinging Strike
2-1: Swinging Strike
2-2: Foul Ball, location: 2F
2-2: Fielders Choice at 2nd, 4-6 (Groundball, 34, EV 105.0 MPH)
Batting: LHB Denny Porter 0-0: Hit by Pitch
Javier Leyva to second
Batting: LHB Barry Butera 0-0: Ball
1-0: Foul Ball, location: 2F
1-1: Foul Ball, location: 2F
1-2: Foul Ball, location: 2F
1-2: Foul Ball, location: 2F
1-2: Ball
2-2: Ball
3-2: Base on Balls
Javier Leyva to third
Denny Porter to second
Batting: RHB Donell Nixon 0-0: Called Strike
0-1: Ball
1-1: Called Strike
1-2: Strikes out swinging
Batting: LHB Gene Gentile 0-0: Ball
1-0: Swinging Strike
1-1: Called Strike
1-2: Strikes out swinging
Bottom of the 1st over - 0 runs, 0 hits, 0 errors, 3 left on base; Richmond 0 - Columbus 0
TOP OF THE 2ND
Richmond Braves batting - Pitching for Columbus Clippers : RHP Javier Villanueva
Batting: LHB Max Venable 0-0: Called Strike
0-1: Ground out 4-3 (Groundball, 4, EV 77.5 MPH)
Batting: SHB Donnie Scott 0-0: Ball
1-0: Ball
2-0: Ball
3-0: Called Strike
3-1: Base on Balls
Batting: RHB Richard Busby 0-0: Called Strike
0-1: Ball
1-1: Foul Ball, location: 2F
1-2: Strikes out swinging
Batting: SHB Julio Cruz 0-0: Called Strike
0-1: Ball
1-1: Ball
2-1: Foul Ball, location: 2F
2-2: Ball
3-2: Strikes out swinging
Top of the 2nd over - 0 runs, 0 hits, 0 errors, 1 left on base; Richmond 0 - Columbus 0
BOTTOM OF THE 2ND
Columbus Clippers batting - Pitching for Richmond Braves : RHP Fernando Amaya
Batting: LHB Elijah Bonaparte 0-0: Ball
1-0: TRIPLE (Flyball, 89XD, EV 104.4 MPH)
Batting: LHB Jordan Medrano 0-0: Foul Ball, location: 2F
0-1: Ground out 4-3 (Groundball, 4, EV 82.5 MPH)
Elijah Bonaparte scores
Batting: RHB Alex Rodriguez 0-0: Swinging Strike
0-1: Ground out 4-3 (Groundball, 4, EV 100.6 MPH)
Batting: SHB Curt Wilkerson 0-0: Ball
1-0: Fly out, F4 (Popup, 34S, EV 80.6 MPH)
Bottom of the 2nd over - 1 run, 1 hit, 0 errors, 0 left on base; Richmond 0 - Columbus 1
TOP OF THE 3RD
Richmond Braves batting - Pitching for Columbus Clippers : RHP Javier Villanueva
Batting: RHB Les Pearsey 0-0: Called Strike
0-1: Ball
1-1: Called Strike
1-2: Strikes out swinging, 2-3 out at first.
Batting: LHB Brent Hillenga 0-0: Ball
1-0: Foul Ball, location: 2F
1-1: Ball
2-1: Ball
3-1: SOLO HOME RUN (Flyball, 7D, EV 108.8 MPH), Distance : 357 ft
Batting: LHB Dan Rohn 0-0: Ball
1-0: Ground out 4-3 (Groundball, 4M, EV 90.0 MPH)
Batting: LHB Chris Evans 0-0: DOUBLE (Flyball, 8LXD, EV 103.8 MPH)
Batting: RHB Dave Stegman 0-0: Ball
1-0: Called Strike
1-1: Foul Ball, location: 2F
1-2: Ball
2-2: Ball
Wild Pitch!
Chris Evans to third
3-2: Foul Ball, location: 2F
3-2: Foul Ball, location: 2F
3-2: DOUBLE (Line Drive, 7LM, EV 106.9 MPH)
Chris Evans scores
Batting: LHB Max Venable 0-0: Ball
1-0: Foul Ball, location: 2F
1-1: Ball
Wild Pitch!
Dave Stegman to third
2-1: Ball
3-1: SINGLE (Groundball, 6S, EV 71.3 MPH) (infield hit)
Dave Stegman scores
Batting: SHB Donnie Scott 0-0: Called Strike
0-1: Ball
1-1: Ground out 6-3 (Groundball, 6S, EV 80.6 MPH)
Top of the 3rd over - 3 runs, 4 hits, 0 errors, 1 left on base; Richmond 3 - Columbus 1
BOTTOM OF THE 3RD
Columbus Clippers batting - Pitching for Richmond Braves : RHP Fernando Amaya
Batting: RHB Javier Leyva 0-0: Fly out, F8 (Flyball, 8LM, EV 88.8 MPH)
Batting: LHB Denny Porter 0-0: SINGLE (Groundball, 34D, EV 95.6 MPH)
Batting: LHB Barry Butera 0-0: Ball
1-0: Foul Ball, location: 2F
1-1: Ball
2-1: Ball
3-1: Foul Ball, location: 2F
3-2: SINGLE (Groundball, 4MD, EV 105.0 MPH)
Denny Porter to second
Batting: RHB Donell Nixon 0-0: Called Strike
0-1: Grounds into double play, 5-4-3 (Groundball, 56, EV 85.0 MPH)
Bottom of the 3rd over - 0 runs, 2 hits, 0 errors, 1 left on base; Richmond 3 - Columbus 1
TOP OF THE 4TH
Richmond Braves batting - Pitching for Columbus Clippers : RHP Javier Villanueva
Batting: RHB Richard Busby 0-0: Foul Ball, location: 2F
0-1: Ball
1-1: Fly out, F9 (Flyball, 89M, EV 89.4 MPH)
Batting: SHB Julio Cruz 0-0: SINGLE (Line Drive, 6D, EV 94.4 MPH)
Batting: RHB Les Pearsey 0-0: Ball
1-0: Ball
2-0: Called Strike
2-1: Called Strike
2-2: Strikes out swinging
Batting: LHB Brent Hillenga 0-0: Ball
1-0: Ball
2-0: TRIPLE (Line Drive, 89XD, EV 103.1 MPH)
Julio Cruz scores
Batting: LHB Dan Rohn 0-0: Ball
1-0: Foul Ball, location: 2F
1-1: Foul Ball, location: 2F
1-2: Foul Ball, location: 2F
1-2: Foul Ball, location: 2F
1-2: Foul Ball, location: 2F
1-2: Ball
2-2: Ball
3-2: Base on Balls
Batting: LHB Chris Evans 0-0: Ball
1-0: Called Strike
1-1: Ball
2-1: Foul Ball, location: 2F
2-2: Fly out, F9 (Flyball, 9LS, EV 93.1 MPH)
Top of the 4th over - 1 run, 2 hits, 0 errors, 2 left on base; Richmond 4 - Columbus 1
BOTTOM OF THE 4TH
Columbus Clippers batting - Pitching for Richmond Braves : RHP Fernando Amaya
Batting: LHB Gene Gentile 0-0: Called Strike
0-1: Ball
1-1: Ball
2-1: Ball
3-1: SINGLE (Line Drive, 6MD, EV 102.5 MPH)
Batting: LHB Elijah Bonaparte 0-0: Grounds into double play, 4-6-3 (Groundball, 4, EV 81.3 MPH)
Batting: LHB Jordan Medrano 0-0: Ball
1-0: Foul Ball, location: 2F
1-1: Fly out, F8 (Flyball, 8LD, EV 99.4 MPH)
Bottom of the 4th over - 0 runs, 1 hit, 0 errors, 0 left on base; Richmond 4 - Columbus 1
TOP OF THE 5TH
Richmond Braves batting - Pitching for Columbus Clippers : RHP Javier Villanueva
Batting: RHB Dave Stegman 0-0: Swinging Strike
0-1: Ball
1-1: Ground out U3 (Groundball, 34S, EV 81.3 MPH)
Batting: LHB Max Venable 0-0: Foul Ball, location: 2F
0-1: Foul Ball, location: 2F
0-2: Strikes out swinging
Batting: SHB Donnie Scott 0-0: Ball
1-0: Ball
2-0: Ball
3-0: Base on Balls
Batting: RHB Richard Busby 0-0: Ball
1-0: Called Strike
1-1: Ball
2-1: Swinging Strike
2-2: Fly out, F4 (Flyball, 4MD, EV 91.9 MPH)
Top of the 5th over - 0 runs, 0 hits, 0 errors, 1 left on base; Richmond 4 - Columbus 1
BOTTOM OF THE 5TH
Columbus Clippers batting - Pitching for Richmond Braves : RHP Fernando Amaya
Batting: RHB Alex Rodriguez 0-0: Foul Ball, location: 2F
0-1: Foul Ball, location: 2F
0-2: Ball
1-2: Ball
2-2: Ball
3-2: Fly out, F8 (Flyball, 8LD, EV 90.0 MPH)
Batting: SHB Curt Wilkerson 0-0: Called Strike
0-1: Fly out, F8 (Flyball, 8LM, EV 95.0 MPH)
Batting: RHB Javier Leyva 0-0: Ground out 6-3 (Groundball, 6M, EV 100.0 MPH)
Bottom of the 5th over - 0 runs, 0 hits, 0 errors, 0 left on base; Richmond 4 - Columbus 1
TOP OF THE 6TH
Richmond Braves batting - Pitching for Columbus Clippers : RHP Javier Villanueva
Pitching: RHP Jeff Cornell
Batting: SHB Julio Cruz 0-0: Foul Ball, location: 2F
0-1: SINGLE (Line Drive, 56, EV 105.6 MPH)
Batting: RHB Les Pearsey 0-0: Ball
1-0: Called Strike
1-1: Ball
2-1: Foul Ball, location: 2F
2-2: SINGLE (Groundball, 56D, EV 99.4 MPH)
Julio Cruz to second
Batting: LHB Brent Hillenga 0-0: Ball
Julio Cruz steals 3rd base
1-0: Ball
2-0: Called Strike
2-1: Foul Ball, location: 2F
2-2: Fielders Choice at 2nd, 5-4 (Groundball, 56, EV 86.3 MPH)
Julio Cruz scores
Batting: LHB Dan Rohn 0-0: Swinging Strike
0-1: Ball
1-1: Called Strike
1-2: Strikes out looking
Batting: LHB Chris Evans 0-0: Called Strike
0-1: Called Strike
0-2: Ball
1-2: Foul Ball, location: 2F
1-2: Foul Ball, location: 2F
1-2: Ball
2-2: Fly out, F9 (Line Drive, 9, EV 89.4 MPH)
Top of the 6th over - 1 run, 2 hits, 0 errors, 1 left on base; Richmond 5 - Columbus 1
BOTTOM OF THE 6TH
Columbus Clippers batting - Pitching for Richmond Braves : RHP Fernando Amaya
Batting: LHB Denny Porter 0-0: Ball
1-0: Called Strike
1-1: Foul Ball, location: 2F
1-2: Foul Ball, location: 2F
1-2: Foul Ball, location: 2F
1-2: Ball
2-2: Strikes out swinging
Batting: LHB Barry Butera 0-0: Called Strike
0-1: Fly out, F8 (Flyball, 8RS, EV 85.6 MPH)
Batting: RHB Donell Nixon 0-0: Called Strike
0-1: Foul Ball, location: 2F
0-2: Fly out, F8 (Flyball, 8LD, EV 93.8 MPH)
Bottom of the 6th over - 0 runs, 0 hits, 0 errors, 0 left on base; Richmond 5 - Columbus 1
TOP OF THE 7TH
Richmond Braves batting - Pitching for Columbus Clippers : RHP Jeff Cornell
Batting: RHB Dave Stegman 0-0: Called Strike
0-1: Ground out 6-3 (Groundball, 6, EV 84.4 MPH)
Batting: LHB Max Venable 0-0: Ball
1-0: Ball
2-0: Ball
3-0: Called Strike
3-1: Fly out, F4 (Popup, 4S, EV 68.8 MPH)
Batting: SHB Donnie Scott 0-0: Called Strike
0-1: Fly out, F7 (Flyball, 7, EV 89.4 MPH)
Top of the 7th over - 0 runs, 0 hits, 0 errors, 0 left on base; Richmond 5 - Columbus 1
BOTTOM OF THE 7TH
Columbus Clippers batting - Pitching for Richmond Braves : RHP Fernando Amaya
Batting: LHB Gene Gentile 0-0: SINGLE (Groundball, 3D, EV 98.8 MPH)
Batting: LHB Elijah Bonaparte 0-0: Called Strike
0-1: Fly out, F8 (Flyball, 8LD, EV 103.1 MPH)
Batting: LHB Jordan Medrano 0-0: Ball
1-0: SINGLE (Line Drive, 89S, EV 91.3 MPH)
Gene Gentile to second
Runner from 2nd tries for 3rd, SAFE, no throw by RF
Batting: RHB Alex Rodriguez 0-0: Called Strike
0-1: Called Strike
0-2: Ball
1-2: Foul Ball, location: 2F
1-2: Foul Ball, location: 2F
1-2: Fly out, F9 (Flyball, 89S, EV 85.0 MPH)
Batting: SHB Curt Wilkerson 0-0: Called Strike
0-1: Fly out, F7 (Line Drive, 7, EV 97.5 MPH)
Bottom of the 7th over - 0 runs, 2 hits, 0 errors, 2 left on base; Richmond 5 - Columbus 1
TOP OF THE 8TH
Richmond Braves batting - Pitching for Columbus Clippers : RHP Jeff Cornell
Batting: RHB Richard Busby 0-0: Foul Ball, location: 2F
0-1: DOUBLE (Groundball, 5L, EV 105.0 MPH)
Batting: SHB Julio Cruz 0-0: Ball
1-0: Bunt - Flyout to 13S! F1
Batting: RHB Les Pearsey 0-0: Called Strike
0-1: Foul Ball, location: 2F
0-2: Strikes out swinging
Batting: LHB Brent Hillenga 0-0: Called Strike
0-1: Ball
1-1: SINGLE (Flyball, 4MD, EV 89.4 MPH)
Richard Busby to third
Runner from 3rd tries for Home, SAFE, throw by CF to home
Batting: LHB Dan Rohn 0-0: Ball
Brent Hillenga steals 2nd base (no throw)
1-0: Foul Ball, location: 2F
1-1: Ball
2-1: Swinging Strike
2-2: Ground out 6-3 (Groundball, 6M, EV 102.5 MPH)
Top of the 8th over - 1 run, 2 hits, 0 errors, 1 left on base; Richmond 6 - Columbus 1
BOTTOM OF THE 8TH
Columbus Clippers batting - Pitching for Richmond Braves : RHP Fernando Amaya
Now at 1B: Matt Winters
Batting: RHB Javier Leyva 0-0: Called Strike
0-1: Called Strike
0-2: Foul Ball, location: 2F
0-2: Strikes out swinging
Batting: LHB Denny Porter 0-0: Ball
1-0: Called Strike
1-1: Ball
2-1: Ball
3-1: Base on Balls
Batting: LHB Barry Butera 0-0: Fly out, F8 (Flyball, 78D, EV 72.5 MPH)
Batting: RHB Donell Nixon 0-0: Foul Ball, location: 2F
0-1: Ball
1-1: Swinging Strike
1-2: Ball
2-2: Strikes out swinging
Bottom of the 8th over - 0 runs, 0 hits, 0 errors, 1 left on base; Richmond 6 - Columbus 1
TOP OF THE 9TH
Richmond Braves batting - Pitching for Columbus Clippers : RHP Jeff Cornell
Batting: LHB Chris Evans 0-0: Called Strike
0-1: Ground out U3 (Groundball, 23, EV 78.8 MPH)
Batting: RHB Dave Stegman 0-0: Ball
1-0: Called Strike
1-1: Ball
2-1: Foul Ball, location: 2F
2-2: Ball
3-2: Fly out, F6 (Popup, 6, EV 59.4 MPH)
Pitching: RHP Joe Cowley
Batting: LHB Max Venable 0-0: Called Strike
0-1: Swinging Strike
0-2: Fly out, F7 (Flyball, 7LD, EV 101.9 MPH)
Top of the 9th over - 0 runs, 0 hits, 0 errors, 0 left on base; Richmond 6 - Columbus 1
BOTTOM OF THE 9TH
Columbus Clippers batting - Pitching for Richmond Braves : RHP Fernando Amaya
Batting: LHB Gene Gentile 0-0: SINGLE (Flyball, 9S, EV 92.5 MPH)
Batting: LHB Elijah Bonaparte 0-0: Called Strike
0-1: Foul Ball, location: 2F
0-2: SINGLE (Groundball, 34D, EV 88.8 MPH) (infield hit)
Gene Gentile to second
Batting: LHB Jordan Medrano 0-0: Fly out, F8 (Flyball, 89D, EV 98.8 MPH)
Runner from 2nd tags up, SAFE at 3rd, no throw by CF
Batting: RHB Alex Rodriguez 0-0: Called Strike
0-1: Ball
1-1: Called Strike
1-2: Ball
2-2: Ball
3-2: Ground out 6-3 (Groundball, 6, EV 95.0 MPH)
Gene Gentile scores
Elijah Bonaparte to second
Batting: SHB Curt Wilkerson 0-0: Foul Ball, location: 2F
0-1: Ground out 6-3 (Groundball, 4M, EV 81.9 MPH)
Bottom of the 9th over - 1 run, 2 hits, 0 errors, 1 left on base; Richmond 6 - Columbus 2
Thursday, August 20th, 2020 - OOTP Baseball 21.5 Build 76